 Dungeon Crawl Stone Soup version 0.30.1-4-g462c640d31 (webtiles) character file.

Game seed: 1175540880833273599

1725545 DemonspawnMonk the Impassioned (level 25, 204/204 HPs)
             Began as a Demonspawn Monk on Sept 10, 2023.
             Was a Follower of Uskayaw.
             Escaped with the Orb
             ... and 3 runes on Sept 12, 2023!
             The game lasted 03:35:43 (61856 turns).

DemonspawnMonk the Impassioned (Demonspawn Monk)   Turns: 61856, Time: 03:35:43

Health: 204/204    AC: 15    Str: 20    XL:     25   Next: 20%
Magic:  39/39      EV: 29    Int: 31    God:    Uskayaw [*.....]
Gold:   6786       SH:  0    Dex: 29    Spells: 2/48 levels left

rFire   + . .        b - +8 longbow "Zephyr" {speed, Dex+3 SInv}
rCold   . . .        (shield currently unavailable)
rNeg    . . .        g - +3 robe of Tarotar {+Inv Dex-2 Slay+5 Archmagi}
rPois   +            r - +2 helmet
rElec   +            i - +2 cloak {rPois}
rCorr   +            (gloves unavailable)
SInv    +            z - +2 pair of boots of the Sun {Int+2 Dex+6}
Will    +....        A - amulet of Vitality {RegenMP++ Regen++}
Stlth   ++           o - ring "Hesh" {Contam rElec rC+ rCorr Int+6, =R}
HPRegen 2.14/turn    Z - ring "Nicuom" {rF+ rC- Str+6 Int+4 Dex+4}
MPRegen 1.32/turn

%: guardian spirit, archmagi
@: no status effects
A: claws 3, spiny 3, magic shield, magic regeneration, magic link, sanguine
armour 3, corrupting presence 2, word of chaos
0: Orb of Zot
}: 3/15 runes: barnacled, silver, gossamer
a: Word of Chaos, Renounce Religion, Evoke Invisibility, Stomp


You escaped.
You worshipped Uskayaw.
Uskayaw was most pleased with you.
You visited 9 branches of the dungeon, and saw 47 of its levels.
You also visited: Trove, Ossuary, Gauntlet and Wizlab.

You collected 9514 gold pieces.
You spent 2728 gold pieces at shops.

Inventory:

Hand Weapons
 a - a +4 dagger of venom
 b - the +8 longbow "Zephyr" (weapon) {speed, Dex+3 SInv}
   (You took it off a deep elf archer on level 3 of the Elven Halls)

   Dex:       It affects your dexterity (+3).
   SInv:      It lets you see invisible.
 c - the +3 shortbow of Eplatom {drain, Str+3 Int+7}
   (You bought it in a shop on level 2 of the Orcish Mines)

   Str:       It affects your strength (+3).
   Int:       It affects your intelligence (+7).
 K - the +9 arbalest of Koithru {speed, rC+ Dex+3}
   (You found it on level 3 of the Vaults)

   Dex:       It affects your dexterity (+3).
   rC:        It protects you from cold.
 V - the +8 arc blade {discharge, rElec}
   (You took it off a vault guard on level 5 of the Vaults)

   rElec:     It insulates you from electricity.
 X - the +5 hand crossbow of the Nurturing Shrike {elec, +Blink rElec rPois}
   (You took it off a deep elf archer on level 3 of the Elven Halls)

   rElec:     It insulates you from electricity.
   rPois:     It protects you from poison.
   +Blink:    It lets you blink.
 Y - a +4 quick blade of venom
Missiles
 f - 11 curare-tipped darts
 N - 8 throwing nets
Armour
 g - the +3 robe of Tarotar (worn) {+Inv Dex-2 Slay+5 Archmagi}
   (You found it on level 3 of the Elven Halls)

   Dex:       It affects your dexterity (-2).
   Slay:      It affects your accuracy & damage with ranged weapons and melee
   (+5).
   +Inv:      It lets you turn invisible.
   Archmagi:  It increases the power of your magical spells.
 i - a +2 cloak of poison resistance (worn)
 r - a +2 helmet (worn)
 z - the +2 pair of boots of the Sun (worn) {Int+2 Dex+6}
   (You found it in a Gauntlet)

   Int:       It affects your intelligence (+2).
   Dex:       It affects your dexterity (+6).
Jewellery
 o - the ring "Hesh" (left claw) {Contam rElec rC+ rCorr Int+6, =R}
   (You bought it in a shop on level 2 of the Orcish Mines)

   [ring of intelligence]

   Int:       It affects your intelligence (+6).
   rC:        It protects you from cold.
   rElec:     It insulates you from electricity.
   Contam:    It causes magical contamination when unequipped.
   rCorr:     It protects you from acid and corrosion.
 s - the necklace of Bloodlust {Fury *Rage Will++ Int-3 Slay+6}
   (You found it on level 5 of the Lair of Beasts)

   [amulet of nothing]

   Fury:      It extends the wearer's berserk rage when killing foes.
   Int:       It affects your intelligence (-3).
   Slay:      It affects your accuracy & damage with ranged weapons and melee
   (+6).
   *Rage:     It berserks you when you make melee attacks (+50% chance).
   Will:      It greatly increases your willpower.
 A - the amulet of Vitality (around neck) {RegenMP++ Regen++}
   (You found it on level 1 of the Lair of Beasts)

   [amulet of magic regeneration]

   It increases your rate of magic regeneration.
   Regen:     It increases your rate of health regeneration.
 C - a ring of see invisible
 S - a +4 ring of protection
 T - a ring of flight
 Z - the ring "Nicuom" (right claw) {rF+ rC- Str+6 Int+4 Dex+4}
   (You acquired it on level 2 of the Lair of Beasts)

   [ring of strength]

   Str:       It affects your strength (+6).
   Int:       It affects your intelligence (+4).
   Dex:       It affects your dexterity (+4).
   rF:        It protects you from fire.
   rC:        It makes you vulnerable to cold.
Wands
 d - a wand of polymorph (13)
 p - a wand of roots (48)
 q - a wand of mindburst (44)
 M - a wand of charming (52)
 Q - a wand of light (22)
 U - a wand of digging (10)
Scrolls
 h - 27 scrolls of teleportation
 k - 8 scrolls of fog
 t - 4 scrolls of fear
 v - 5 scrolls of immolation
 w - a scroll of blinking
 y - 8 scrolls of vulnerability
 D - 6 scrolls of magic mapping
 E - 6 scrolls of butterflies
 F - 13 scrolls of poison
Potions
 j - 9 potions of brilliance
 m - 3 potions of resistance
 u - 17 potions of lignification
 x - 29 potions of curing
 B - 5 potions of invisibility
 G - 5 potions of haste
 H - 14 potions of heal wounds
 I - 7 potions of flight
 J - 13 potions of might
 L - 16 potions of mutation
 O - 6 potions of magic
 R - 8 potions of ambrosia
 W - 5 potions of cancellation
Miscellaneous
 e - a phial of floods
 l - a phantom mirror (inert)
 n - a box of beasts (inert)
 P - a lightning rod (4/4)


   Skills:
 - Level 18.0 Fighting
 - Level 9.7(10.0) Short Blades
 - Level 2.9(6.8) Long Blades
 - Level 18.0 Ranged Weapons
 - Level 8.0 Armour
 * Level 16.0 Dodging
 - Level 12.0 Stealth
 - Level 12.0 Spellcasting
 - Level 8.0 Conjurations
 - Level 3.0 Hexes
 - Level 6.0 Summonings
 - Level 12.0 Necromancy
 - Level 8.0 Translocations
 - Level 8.0 Ice Magic
 - Level 8.0 Air Magic
 - Level 12.0 Earth Magic
 - Level 18.0 Invocations
 - Level 10.0 Evocations


You had 2 spell levels left.
You knew the following spells:

 Your Spells              Type           Power      Damage    Failure   Level
a - Portal Projectile     Hex/Tloc       100%       N/A       1%          3
b - Borgnjor's Vile Clut  Necr/Erth      48%        N/A       1%          5
c - Animate Armour        Summ/Erth      100%       N/A       1%          4
d - Lee's Rapid Deconstr  Erth           48%        3d23*     1%          5
e - Freezing Cloud        Conj/Ice/Air   40%        6-21      2%          5
f - Arcjolt               Conj/Air       40%        1d50      2%          5
x - Apportation           Tloc           100%       N/A       1%          1
A - Animate Dead          Necr           96%        N/A       1%          4
B - Death Channel         Necr           48%        N/A       3%          6
C - Ozocubu's Armour      Ice            80%        N/A       1%          3
E - Passwall              Tmut/Erth      58%        N/A       1%          2
U - Swiftness             Air            80%        N/A       1%          3

Your spell library contained the following spells:

 Spells                   Type           Power      Damage    Failure   Level
 Foxfire                  Conj/Fire      100%       2x1d9     1%          1
 Magic Dart               Conj           100%       1d8       1%          1
 Necrotise                Necr           100%       1d9       1%          1
 Sandblast                Erth           100%       2d20      1%          1
 Shock                    Conj/Air       100%       1d9       1%          1
 Slow                     Hex            100%       N/A       1%          1
 Summon Small Mammal      Summ           100%       N/A       1%          1
 Call Imp                 Summ           100%       N/A       1%          2
 Cigotuvi's Dreadful Rot  Necr/Pois/Air  100%       N/A       1%          2
 Ensorcelled Hibernation  Hex/Ice        100%       N/A       1%          2
 Lesser Beckoning         Tloc           100%       N/A       1%          2
 Poisonous Vapours        Pois/Air       100%       N/A       1%          2
 Searing Ray              Conj           100%       2d8       1%          2
 Sublimation of Blood     Necr           96%        N/A       1%          2
 Beastly Appendage        Tmut           54%        N/A       2%          1
 Sting                    Tmut/Pois      100%       1d8       2%          1
 Wereblood                Tmut           27%        N/A       4%          2
 Call Canine Familiar     Summ           70%        N/A       1%          3
 Dazzling Flash           Conj/Hex       100%       N/A       1%          3
 Frozen Ramparts          Ice            100%       1d16      1%          3
 Gell's Gravitas          Tloc           80%        N/A       1%          3
 Mephitic Cloud           Conj/Pois/Air  67%        N/A       1%          3
 Stone Arrow              Conj/Erth      100%       3d13      1%          3
 Teleport Other           Tloc           80%        N/A       1%          3
 Vampiric Draining        Necr           96%        2d12      1%          3
 Vhi's Electric Charge    Tloc/Air       100%       N/A       1%          3
 Volatile Blastmotes      Fire/Tloc      100%       2d18      1%          3
 Anguish                  Hex/Necr       39%        N/A       1%          4
 Iskenderun's Mystic Bla  Conj/Tloc      80%        2d16      1%          4
 Leda's Liquefaction      Hex/Erth       39%        N/A       1%          4
 Summon Ice Beast         Ice/Summ       75%        N/A       1%          4
 Agony                    Necr           96%        N/A       1%          5
 Confusing Touch          Hex            54%        N/A       2%          3
 Fulminant Prism          Conj/Hex       34%        3d15      2%          4
 Iskenderun's Battlesphe  Conj           80%        2d13      2%          5
 Inner Flame              Hex/Fire       41%        N/A       4%          3
 Ice Form                 Ice/Tmut       60%        N/A       4%          4
 Summon Forest            Summ/Tloc      37%        N/A       4%          5
 Iron Shot                Conj/Erth      44%        9d9       7%          6
 Simulacrum               Ice/Necr       44%        N/A       7%          6
 Ignite Poison            Fire/Tmut/Pois 27%        N/A       8%          3
 Spider Form              Tmut/Pois      27%        N/A       8%          3
 Metabolic Englaciation   Hex/Ice        34%        N/A       8%          5
 Silence                  Hex/Air        34%        N/A       8%          5
 Summon Mana Viper        Hex/Summ       63%        N/A       12%         5
 Fireball                 Conj/Fire      30%        3d13      14%         5
 Irradiate                Conj/Tmut      30%        3d21      14%         5
 Conjure Ball Lightning   Conj/Air       40%        3x3d13    16%         6
 Dispersal                Tloc           40%        N/A       16%         6
 Olgreb's Toxic Radiance  Pois           27%        N/A       26%         4
 Yara's Violent Unravell  Hex/Tmut       20%        3d9       36%         5
 Alistair's Intoxication  Tmut/Pois      18%        N/A       58%         5
 Blade Hands              Tmut           13%        N/A       58%         5
 Plasma Beam              Fire/Air       30%        2x1d47    61%         6
 Starburst                Conj/Fire      30%        6d9       61%         6
 Orb of Destruction       Conj           40%        9d11      63%         7
 Ozocubu's Refrigeration  Ice            40%        4d16      63%         7
 Spellforged Servitor     Conj/Summ      37%        N/A       77%         7
 Summon Hydra             Summ           35%        N/A       88%         7
 Eringya's Noxious Bog    Tmut/Pois      13%        N/A       99%         6
 Dragon Form              Tmut           13%        N/A       100%        7
 Enfeeble                 Hex            27%        N/A       100%        7
 Chain Lightning          Conj/Air       40%        3d53      100%        9
 Fire Storm               Conj/Fire      30%        8d8       100%        9
 Shatter                  Erth           48%        3d37*     100%        9


Dungeon Overview and Level Annotations

Branches:
Dungeon (15/15)            Temple (0/1) D:6            Lair (5/5) D:10
 Shoals (4/4) Lair:3       Spider (4/4) Lair:3        Slime (0/5) Lair:5
    Orc (2/2) D:10            Elf (3/3) Orc:2        Vaults (5/5) D:14
  Crypt (0/3) Vaults:3     Depths (4/4) D:15            Zot (5/5) Depths:4
Ossuary (visited)          WizLab (visited)         Gauntlet (visited)

Altars:
Cheibriados
Dithmenos
Fedhas
Kikubaaqudgha
Makhleb
Nemelex Xobeh
Okawaru
Ru
Sif Muna
Uskayaw
Wu Jian
Yredelemnul
Jiyva

Shops:
D:10 [   D:15 *   Orc:2 *([==   Elf:1 (   Elf:2 (   Shoals:2 :   Vaults:1 *
Vaults:4 =

Portals:
Hell: Depths:1 Depths:2 Depths:3 Depths:4
Abyss: Lair:4 Depths:2
Pandemonium: Depths:1 Depths:2
Ziggurat: Depths:3

Annotations:
D:3 1 runed translucent door
Lair:4 2 transporters, snaxamus's ghost, journeyman HOFi
Spider:2 1 runed translucent door, LordWeiramon's ghost, adept KoAE
Spider:3 Roxanne
Elf:2 3 runed translucent doors
Vaults:4 2 transporters, Nornya's ghost, veteran MfSu; Zenata
Zot:2 3 transporters
Zot:3 exclusion: orb of fire


Innate Abilities, Weirdness & Mutations

You have claws for hands.
You are completely covered in sharp spines.
When hurt, damage is shared between your health and your magic reserves.
You regenerate magic rapidly.
When low on magic, you restore magic in place of health.
When seriously injured, your blood forms very thick armour. (AC +0)
Your presence sometimes corrodes or deforms those you injure.
You can speak a Word of Chaos.


Message History

Your blood armour dries and flakes away.
A neqoxec comes into view.
There is a stone staircase leading up here.
You climb upwards.
There is a stone staircase leading down here.
Your extra speed is starting to run out.
Casting: Passwall (safe; 1% risk of failure)
Confirm with . or Enter, or press ? or * to list all spells.
Aiming: Passwall (safe; 1% risk of failure)
Press: ? - help, Dir - move target A rock wall.
This square is covered in magical glow.
You feel a surge of power!
You begin to meditate on the wall.
You continue meditating on the rock.
Magic restored.
You continue meditating on the rock.
You finish merging with the rock.
You feel yourself slow down.
There is a stone staircase leading up here.
You climb upwards.
There is a stone staircase leading down here.
There is an open door here.
HP restored.
There is an open door here.
You open the door.
There is an open door here.
There is a staircase leading out of the dungeon here.
You open the lid... ...and a juvenile batfire beast flies out!
The box is emptied!
Aiming: Phantom Mirror
Press: ? - help, Dir - move target, f - juvenile batfire beast
Aim: a juvenile batfire beast (summoned, friendly)
You reflect your juvenile batfire beast with the mirror!
The mirror clouds!
Okay, then.
As you read the scroll of butterflies, it crumbles to dust.
You hear the flapping of tiny wings.
Your juvenile batfire beast is knocked back by the sudden gust. x2
You have escaped!

..........###..#+##...#
..........#...##.####.#
......÷.....####.## #.#
......÷..#### #.b.# #.###########
..>......# #...# #............
##.###'### ##bbb#######.#######
##.# #.# ####bH.bb#### #.# # ...#
#.####..bbbbbb..b###.# # ##.#
#..+...bHbb@bbbb...'.# ##### ##.#
#.####.b.bb.bbbb.##### #.... ##.#
#.# ####bbbbb#### #.... ##.#
#.########.b.###########....
##.###........#b..#.........'....
##.....######.#...#.#########....
##.##.....###.##.##..........#+##
##............##.##...##...#.#.##
######.##...####'#..#.##.#...#..'


You could see 2 friendly mutant beasts.

Vanquished Creatures
  2 dread liches
  2 ancient liches
  An orb of fire (Zot:5)
  A juggernaut (Depths:2)
  Josephina (Zot:2)
  3 Killer Klowns (Zot:5)
  Saint Roka (Vaults:5)
  Margery (Vaults:2)
  A curse toe (Zot:5)
  A caustic shrike (shapeshifter) (Vaults:5)
  6 golden dragons
  A bone dragon (Depths:4)
  3 electric golems
  A Tzitzimitl (Zot:2)
  9 tentacled monstrosities
  Jorgrun (Spider:2)
  15 Orb Guardians
  Asterion (Depths:2)
  A lich (Vaults:5)
  3 deep elf master archers (Elf:3)
  5 quicksilver dragons
  A kraken (Shoals:3)
  4 titans (Vaults:5)
  3 deep elf blademasters (Elf:3)
  Frances (D:13)
  Polyphemus (Shoals:2)
  3 shadow dragons
  5 storm dragons
  6 tengu reavers
  An ancient champion (WizLab)
  3 death cobs
  Kirke (Elf:1)
  7 fire giants
  Ilsuiw (Shoals:2)
  2 balrugs
  4 draconian knights (Zot:5)
  6 frost giants
  A draconian scorcher (Zot:2)
  5 ghost moths
  13 deep elf sorcerers
  Louise (Shoals:2)
  Aizul (Vaults:1)
  16 vault wardens
  An iron dragon (Vaults:5)
  5 draconian shifters
  5 war gargoyles
  18 ironbound preservers
  An orc warlord (Orc:2)
  2 cacodemons (Elf:3)
  5 draconian annihilators
  8 draconian stormcallers
  4 deep elf elementalists (Elf:3)
  22 very ugly things
  7 stone giants
  6 broodmothers (Spider:4)
  10 deep elf demonologists
  4 black draconians
  Azrael (Elf:2)
  A red draconian (Zot:5)
  6 ironbound thunderhulks
  7 white draconians (Zot:5)
  3 spark wasps (Depths:2)
  9 deep elf annihilators (Elf:3)
  13 dire elephants
  A minotaur (Gauntlet)
  4 green draconians
  8 purple draconians
  The ghost of CarvArkoylaein the Severer, a journeyman HOFi of Gozag (Orc:2)
  4 yellow draconians
  6 ettins
  Snorg (D:12)
  9 deep elf death magi
  10 merfolk impalers
  2 fire dragons
  6 yaktaur captains
  4 great orbs of eyes
  8 entropy weavers
  7 merfolk javelineers
  7 deep elf high priests
  9 ice dragons
  25 vault guards
  2 rakshasas
  6 hydras
  2 peacekeepers
  4 merfolk avatars
  An ogre mage (Vaults:4)
  4 merfolk aquamancers
  6 centaur warriors
  6 two-headed ogres
  18 ironbound frosthearts
  2 catoblepae
  A two-headed ogre (shapeshifter) (Elf:3)
  3 alligator snapping turtles
  A satyr (Shoals:4)
  A radroach (Spider:4)
  13 death yaks
  5 boulder beetles
  17 dancing weapons
  8 deep troll shamans
  9 deep troll earth magi
  A vampire mage (Depths:2)
  An orc high priest (Orc:2)
  3 spriggan berserkers
  5 tengu warriors
  Urug (Lair:2)
  6 hell knights (Vaults:2)
  14 deep elf knights
  Sonja (D:12)
  5 skysharks
  Nergalle (D:9)
  9 skeletal warriors (WizLab)
  2 sun demons (Depths:3)
  8 iron trolls
  A death drake (shapeshifter) (Depths:2)
  A sixfirhy (Zot:2)
  Lodul (D:12)
  3 glowing orange brains
  5 sea snakes
  A pharaoh ant (Spider:4)
  A swamp dragon (shapeshifter) (D:14)
  48 deep trolls
  8 lindwurms
  A steelbarb worm (Spider:4)
  A quicksilver dragon simulacrum (Zot:2)
  7 orb spiders
  4 phantasmal warriors
  16 harpies
  24 deep elf archers
  10 ironbound convokers
  6 wizards
  20 deep elf pyromancers
  5 orc knights
  2 necromancers
  A stone giant zombie (Vaults:4)
  12 wolf spiders
  6 orc sorcerers
  17 manticores
  21 deep elf zephyrmancers
  4 fauns
  16 ugly things
  A manticore (shapeshifter) (Vaults:5)
  8 cyclopes
  A human zombie (Vaults:4)
  A rust devil (Gauntlet)
  15 elephants
  A cyclops (shapeshifter) (Vaults:5)
  Maurice (D:12)
  17 moths of wrath
  A water nymph (shapeshifter) (Depths:2)
  3 black mambas
  6 demonic crawlers
  13 cane toads
  A smoke demon (Depths:2)
  5 gargoyles
  9 merfolk sirens
  24 vault sentinels
  5 water nymphs
  4 torpor snails
  2 unseen horrors
  A rime drake (Lair:5)
  A black draconian zombie (Depths:4)
  17 yaktaurs
  10 komodo dragons
  A tengu conjurer (Depths:1)
  2 freezing wraiths (Vaults:5)
  2 red devils
  22 merfolk
  A hornet (shapeshifter) (D:15)
  A polar bear (shapeshifter) (Elf:3)
  3 meliai
  5 trolls
  3 polar bears
  3 hornets
  2 wind drakes (Shoals:2)
  12 tarantellas
  9 snapping turtles
  24 blink frogs
  11 jumping spiders
  8 dream sheep
  A human simulacrum (Vaults:4)
  34 slime creatures
  The ghost of bahustanut the Trooper, an amateur OgBe of Trog (D:3)
  5 shadows
  62 yaks
  A ynoxinul (Gauntlet)
  15 water elementals
  4 air elementals
  11 culicivoras
  A spriggan (shapeshifter) (Vaults:5)
  5 hogs (Elf:1)
  8 wyverns
  5 fire elementals
  A human (D:14)
  5 vampires
  20 redbacks
  4 wraiths
  8 basilisks
  A white draconian simulacrum (Zot:2)
  4 steam dragons
  Edmund (D:5)
  2 wargs
  4 swamp worms (Lair:1)
  8 vampire mosquitoes
  4 two-headed ogre zombies (WizLab)
  9 hell hounds
  A water moccasin (shapeshifter) (Vaults:5)
  14 water moccasins
  2 ice beasts (D:6)
  2 large abominations (Gauntlet)
  A moth of wrath simulacrum (Zot:2)
  25 orc warriors
  A swamp drake (D:10)
  2 sky beasts
  A black bear (Lair:1)
  21 ogres
  2 boggarts (Elf:1)
  10 wolves
  2 centaurs
  A phantom (D:6)
  8 kobold brigands
  Blork the orc (D:6)
  10 bullfrogs
  5 scorpions
  6 gnoll sergeants
  4 small abominations (Gauntlet)
  2 earth elementals
  7 troll zombies (WizLab)
  7 wights
  14 killer bees
  2 electric eels
  A vampire bat (D:3)
  10 howler monkeys
  3 lava snakes (Lair:5)
  19 orc priests
  12 hounds
  2 jellies (D:6)
  7 gnoll boudas
  3 iguanas
  3 iron imps (Gauntlet)
  Natasha (twice) (D:2)
  31 orc wizards
  A killer bee zombie (Spider:2)
  6 ogre zombies (WizLab)
  8 mummies (Ossuary)
  39 gnolls
  7 adders
  2 river rats (D:3)
  A shadow imp (D:5)
  2 white imps
  2 ufetubi
  4 dart slugs
  75 orcs
  2 ball pythons
  13 bats
  5 endoplasms
  3 giant cockroaches (D:3)
  4 hobgoblins
  5 quokkas
  6 frilled lizards
  2 gnoll zombies (Ossuary)
  6 goblins
  A hobgoblin zombie (Ossuary)
  27 kobolds
  3 kobold zombies (Ossuary)
  2 orc zombies (Ossuary)
  A rat (D:2)
  2 tentacles (Shoals:3)
1757 creatures vanquished.

Vanquished Creatures (collateral kills)
  2 dread liches
  An ancient lich (Vaults:5)
  Arachne (Spider:3)
  7 tentacled monstrosities
  Mlioglotl (Spider:3)
  9 Orb Guardians (Zot:5)
  2 quicksilver dragons (Zot:5)
  3 sphinxes
  A storm dragon (Vaults:5)
  2 tengu reavers (Vaults:5)
  3 shadow dragons (Vaults:5)
  The ghost of airrhodes1 the Peltast, an adept HOFi of Yredelemnul (Elf:3)
  A fire giant (Vaults:5)
  An emperor scorpion (Spider:3)
  3 iron dragons
  4 vault wardens
  A frost giant (Depths:2)
  A draconian stormcaller (Depths:4)
  A broodmother (Spider:3)
  6 ironbound preservers
  5 stone giants
  12 very ugly things
  A vampire knight (Depths:2)
  A white draconian (Zot:2)
  4 dire elephants
  A black draconian (Zot:2)
  A purple draconian (Depths:4)
  2 red draconians
  2 ettins
  An ettin (shapeshifter) (Elf:3)
  A merfolk javelineer (Shoals:2)
  2 merfolk impalers
  A fire dragon (Depths:2)
  4 yaktaur captains
  2 great orbs of eyes
  A deep elf high priest (Vaults:5)
  A peacekeeper (Vaults:4)
  7 vault guards
  2 merfolk avatars (Shoals:1)
  An ironbound frostheart (Vaults:3)
  A merfolk aquamancer (Shoals:4)
  3 deep troll earth magi
  A boulder beetle (Vaults:2)
  A hell knight (Vaults:2)
  2 pharaoh ants
  2 deep elf knights
  A sixfirhy (Depths:2)
  3 skysharks
  4 sea snakes
  A sun moth (Spider:2)
  A glowing orange brain (shapeshifter) (Elf:3)
  A glowing orange brain (Elf:3)
  15 deep trolls
  5 orb spiders
  A deep elf archer (Elf:1)
  A lindwurm (Vaults:4)
  A deep elf zephyrmancer (Elf:2)
  3 necromancers
  A phantasmal warrior (Vaults:5)
  4 harpies (Shoals:1)
  2 steelbarb worms
  A deep elf pyromancer (Elf:2)
  3 ironbound convokers
  2 draconian zombies (Depths:4)
  A merfolk siren (Shoals:1)
  3 cyclopes
  4 ugly things
  8 wolf spiders
  A shadow dragon skeleton (Vaults:4)
  4 moths of wrath
  A faun (Shoals:2)
  3 manticores
  4 vault sentinels
  A black mamba (shapeshifter) (Elf:3)
  3 molten gargoyles (Lair:5)
  3 water nymphs
  A black mamba (Lair:5)
  2 demonic crawlers
  An orange demon (Depths:2)
  2 cane toads (Lair:5)
  2 rime drakes (Lair:3)
  2 yaktaurs
  A komodo dragon (Lair:5)
  8 merfolk
  A troll (shapeshifter) (Elf:3)
  A queen bee (Spider:2)
  A meliai (Spider:2)
  7 tarantellas
  A wind drake (Shoals:1)
  2 snapping turtles
  A small abomination (Gauntlet)
  A blink frog (Lair:5)
  A raiju (shapeshifter) (Elf:3)
  A dream sheep (Lair:5)
  A raiju (D:15)
  3 jumping spiders (Spider:2)
  7 slime creatures
  8 culicivoras
  4 water elementals
  3 yaks
  A human (shapeshifter) (Elf:3)
  15 redbacks
  A glowing shapeshifter zombie (Vaults:4)
  A hell hound (Lair:5)
  4 orc warriors (Orc:2)
  A tengu (shapeshifter) (Elf:3)
  2 ogres (D:12)
  2 killer bees (Spider:2)
  2 lava snakes (Lair:5)
  2 orc wizards (Orc:2)
  4 orcs
  A kobold (D:10)
297 creatures vanquished.

Vanquished Creatures (others)
  A fire giant (Depths:2)
  A juggernaut zombie (Depths:2)
  A very ugly thing (Depths:4)
  6 very ugly thing zombies
  2 Orb Guardian zombies (Zot:5)
  A titan zombie (Vaults:5)
  3 storm dragon zombies
  2 spark wasp zombies (Depths:2)
  A golden dragon zombie (Vaults:5)
  A shadow dragon zombie (Vaults:5)
  7 wolf spider zombies
  A stone giant zombie (Vaults:5)
  A sphinx zombie (Depths:2)
  3 ugly thing zombies
  A fire giant zombie (Depths:1)
  3 draconian zombies (Zot:5)
  2 frost giant zombies
  2 dire elephant zombies (Vaults:1)
  A dwarf zombie (Spider:2)
  A green draconian zombie (Zot:5)
  5 purple draconian zombies
  4 orb spider zombies
  2 death yak zombies (Shoals:2)
  A sea snake zombie (Shoals:1)
  9 yaktaur zombies
  A catoblepas zombie (D:12)
  2 yellow draconian zombies
  8 redback zombies
  7 harpy zombies
  4 moth of wrath zombies
  3 demonic crawler zombies
  2 jumping spider zombies
  32 human zombies
  A culicivora zombie (Spider:1)
  2 fire dragon zombies (Depths:2)
  A tarantella zombie (Spider:4)
  18 merfolk zombies
  An ettin zombie (Depths:2)
  8 slime creature zombies
  A wind drake zombie (Shoals:1)
  A green draconian simulacrum (Zot:2)
  12 deep troll zombies
  5 tengu zombies
  A water nymph zombie (Shoals:2)
  3 entropy weaver zombies
  2 cane toad zombies (Lair:5)
  2 lindwurm zombies (Vaults:4)
  3 snapping turtle zombies
  2 blink frog zombies (Lair:5)
  6 dream sheep zombies
  3 elf zombies
  A manticore zombie (Shoals:4)
  A torpor snail zombie (Gauntlet)
  2 komodo dragon zombies (Lair:5)
  2 hell hound zombies (Lair:5)
  4 yak zombies (Gauntlet)
  3 ogre zombies
  A steam dragon zombie (Lair:5)
  2 lava snake zombies (Lair:5)
  21 orc zombies
  An orc (D:10)
  6 kobold zombies (D:10)
  2 tentacles (Shoals:3)
239 creatures vanquished.

Grand Total: 2293 creatures vanquished

Notes
Turn   | Place    | Note
-------+----------+-------------------------------------------
     0 | D:1      | DemonspawnMonk the Demonspawn Monk began the quest for the
                  | Orb.
     0 | D:1      | Reached XP level 1. HP: 18/18 MP: 1/1
   364 | D:1      | Reached skill level 1 in Short Blades
   365 | D:1      | Gained mutation: When seriously injured, your blood forms
                  | armour. (AC +0) [demonic ancestry]
   365 | D:1      | Reached XP level 2. HP: 24/24 MP: 2/2
   848 | D:2      | Noticed Natasha
   860 | D:2      | Killed Natasha
   861 | D:2      | Gained mutation: You regenerate magic rapidly. [demonic
                  | ancestry]
   861 | D:2      | Reached XP level 3. HP: 15/29 MP: 3/3
  1499 | D:2      | Noticed Natasha
  1521 | D:2      | Killed Natasha
  1522 | D:2      | Gained mutation: When hurt, damage is shared between your
                  | health and your magic reserves. [demonic ancestry]
  1522 | D:2      | Reached XP level 4. HP: 33/35 MP: 4/4
  1616 | D:3      | Found a faded altar of an unknown god.
  1622 | D:3      | Prayed at the altar of an unknown god.
  1622 | D:3      | Became a worshipper of Uskayaw the Reveller
  1622 | D:3      | Reached * piety under Uskayaw
  1622 | D:3      | Reached ** piety under Uskayaw
  1815 | D:3      | Found a hide-covered altar of Uskayaw.
  2018 | D:3      | Reached *** piety under Uskayaw
  2020 | D:3      | Gained mutation: You have sharp fingernails. [demonic
                  | ancestry]
  2020 | D:3      | Reached XP level 5. HP: 41/41 MP: 5/5
  2020 | D:3      | Reached **** piety under Uskayaw
  2103 | D:3      | Found a sparkling altar of Nemelex Xobeh.
  2131 | D:3      | Found a runed translucent door.
  2136 | D:3      | Noticed bahustanut's ghost (amateur OgBe)
  2162 | D:3      | Found a runed translucent door.
  2456 | D:4      | Reached skill level 5 in Short Blades
  2580 | D:4      | Learned a level 2 spell: Ensorcelled Hibernation
  2671 | D:4      | Noticed an ogre
  2675 | D:4      | Reached XP level 6. HP: 46/47 MP: 6/6
  3284 | D:5      | Entered Level 5 of the Dungeon
  3285 | D:5      | Found a snail-covered altar of Cheibriados.
  3296 | D:5      | Noticed Edmund
  3360 | D:5      | Reached XP level 7. HP: 34/52 MP: 4/7
  3618 | D:5      | Found a blossoming altar of Fedhas.
  3619 | D:5      | Found an ancient bone altar of Kikubaaqudgha.
  5109 | D:6      | Reached XP level 8. HP: 28/58 MP: 4/8
  5252 | D:6      | Noticed Blork the orc
  5262 | D:6      | Killed Blork the orc
  5506 | D:6      | Found a sand-covered staircase.
  5576 | Ossuary  | Entered an ossuary
  5633 | Ossuary  | Reached ***** piety under Uskayaw
  5658 | Ossuary  | Reached ****** piety under Uskayaw
  6051 | D:6      | Reached skill level 5 in Dodging
  6054 | D:6      | Gained mutation: When seriously injured, your blood forms
                  | thick armour. (AC +0) [demonic ancestry]
  6054 | D:6      | Reached XP level 9. HP: 60/63 MP: 7/9
  6123 | D:6      | Found a staircase to the Ecumenical Temple.
  6322 | D:7      | Reached skill level 1 in Spellcasting
  6345 | D:7      | Reached skill level 1 in Hexes
  6509 | D:7      | Reached skill level 1 in Ice Magic
  6677 | D:7      | Reached skill level 1 in Stealth
  6764 | D:7      | Reached skill level 1 in Invocations
  7130 | D:7      | Noticed a two-headed ogre
  7262 | D:7      | Gained mutation: You are partially covered in sharp spines.
                  | [demonic ancestry]
  7262 | D:7      | Reached XP level 10. HP: 66/70 MP: 13/13
  7526 | D:7      | Found an iron altar of Okawaru.
  7774 | D:7      | Reached skill level 5 in Fighting
  7806 | D:7      | Found a burning altar of Makhleb.
  8045 | D:7      | Killed a two-headed ogre
  8046 | D:7      | Reached skill level 5 in Invocations
  8860 | D:8      | Learned a level 4 spell: Animate Dead
  8881 | D:8      | Found a shadowy altar of Dithmenos.
  9145 | D:8      | Reached skill level 1 in Necromancy
  9478 | D:9      | Found Zin's Purification Station.
  9484 | D:9      | Bought a potion of curing for 90 gold pieces
  9921 | D:9      | Reached skill level 5 in Necromancy
  9946 | D:9      | Learned a level 5 spell: Borgnjor's Vile Clutch
 10130 | D:9      | Identified the amulet of Fatigue {Faith Harm rC- Str+5
                  | Int+2}
 10175 | D:9      | Gained mutation: You have very sharp fingernails. [demonic
                  | ancestry]
 10175 | D:9      | Reached XP level 11. HP: 81/81 MP: 16/21
 10479 | D:9      | Paralysed by a hornet for 1 turns
 10580 | D:9      | Found a shimmering blue altar of Sif Muna.
 10849 | D:10     | Entered Level 10 of the Dungeon
 10867 | D:10     | Reached XP level 12. HP: 88/88 MP: 22/22
 10938 | D:10     | Reached skill level 1 in Earth Magic
 11194 | D:10     | Found a sacrificial altar of Ru.
 11196 | D:10     | Found Vouseep's Antique Armour Boutique.
 11204 | D:10     | Found a staircase to the Orcish Mines.
 11212 | D:10     | Noticed Nergalle
 11215 | D:10     | Noticed an eight-headed hydra
 11401 | D:9      | Killed Nergalle
 11451 | D:10     | Found an ornate altar of the Wu Jian Council.
 11871 | D:11     | Noticed a centaur warrior
 11886 | D:11     | Killed a centaur warrior
 12305 | D:11     | Noticed a two-headed ogre
 12677 | D:11     | Killed a two-headed ogre
 13147 | D:10     | Paralysed by a hornet for 1 turns
 13269 | D:10     | Reached skill level 5 in Stealth
 13270 | D:10     | Found a staircase to the Lair.
 13354 | D:10     | Identified a scroll of acquirement
 13355 | D:10     | Acquired a book of Iron
 13362 | D:10     | Learned a level 4 spell: Animate Armour
 13378 | Lair:1   | Entered Level 1 of the Lair of Beasts
 13457 | Lair:1   | Reached skill level 5 in Earth Magic
 13727 | Lair:1   | Found a transporter.
 13727 | Lair:1   | Found the amulet of Vitality {RegenMP++ Regen++}
 13772 | Lair:1   | Found a transporter.
 14206 | Lair:2   | Noticed Urug
 14210 | Lair:2   | Killed Urug
 14281 | Lair:2   | Gained mutation: You have claws for hands. [demonic
                  | ancestry]
 14281 | Lair:2   | Reached XP level 13. HP: 93/93 MP: 17/23
 14291 | Lair:2   | Acquired a book of Winter
 14293 | Lair:2   | Acquired the ring "Nicuom" {rF+ rC- Str+6 Int+4 Dex+4}
 14295 | Lair:2   | Acquired a +0 quick blade of venom
 15331 | Lair:3   | Found a hole to the Spider Nest.
 15381 | Lair:3   | Found a gate leading to a gauntlet.
 15395 | Gauntlet | Entered a Gauntlet
 15395 | Gauntlet | Found a transporter.
 15395 | Gauntlet | Found a transporter.
 15424 | Gauntlet | Found a transporter.
 15427 | Gauntlet | Found a transporter.
 15438 | Gauntlet | Found a transporter.
 15439 | Gauntlet | Found a transporter.
 15443 | Gauntlet | Found a runed translucent door.
 15443 | Gauntlet | Found a runed translucent door.
 15447 | Gauntlet | Found a transporter.
 15463 | Gauntlet | Found a transporter.
 15477 | Gauntlet | Found a transporter.
 15481 | Gauntlet | Found a transporter.
 15483 | Gauntlet | Found a runed translucent door.
 15488 | Gauntlet | Learned a level 3 spell: Ozocubu's Armour
 15489 | Gauntlet | Found a runed translucent door.
 15493 | Gauntlet | Found a transporter.
 15497 | Gauntlet | Found a transporter.
 15694 | Gauntlet | Identified the +2 pair of boots of the Sun {Int+2 Dex+6}
 15827 | Gauntlet | Noticed a minotaur
 15847 | Gauntlet | Killed a minotaur
 16061 | Lair:3   | Reached skill level 10 in Dodging
 16469 | Lair:3   | Reached skill level 5 in Spellcasting
 16879 | Lair:4   | Found a transporter.
 17046 | Lair:4   | Noticed snaxamus's ghost (journeyman HOFi)
 17059 | Lair:4   | Found a one-way gate to the infinite horrors of the Abyss.
 17063 | Lair:4   | Found a transporter.
 17559 | Lair:4   | a radroach changed into a fire dragon
 17559 | Lair:4   | Noticed a fire dragon (shapeshifter)
 17761 | Lair:4   | Gained mutation: You are mostly covered in sharp spines.
                  | [demonic ancestry]
 17761 | Lair:4   | Reached XP level 14. HP: 90/100 MP: 16/24
 17862 | Lair:5   | Entered Level 5 of the Lair of Beasts
 17934 | Lair:5   | Identified the +1 leather armour of Amelioration {rCorr}
 18104 | Lair:5   | Found a viscous altar of Jiyva.
 18105 | Lair:5   | Found a staircase to the Slime Pits.
 18129 | Lair:5   | Reached skill level 1 in Summonings
 18382 | Lair:5   | Reached skill level 5 in Summonings
 18422 | Lair:5   | Found a snail-covered altar of Cheibriados.
 18480 | Lair:5   | Reached skill level 1 in Evocations
 18734 | Lair:5   | Reached skill level 5 in Evocations
 18802 | Lair:5   | Found a large runed translucent door.
 18802 | Lair:5   | Found a large runed translucent door.
 18890 | Lair:5   | Found the necklace of Bloodlust {Fury *Rage Will++ Int-3
                  | Slay+6}
 19810 | D:12     | Noticed Maurice
 19819 | D:12     | Killed Maurice
 19865 | D:12     | Noticed Snorg
 19870 | D:12     | Killed Snorg
 19997 | D:12     | Gained mutation: When seriously injured, your blood forms
                  | very thick armour. (AC +0) [demonic ancestry]
 19997 | D:12     | Reached XP level 15. HP: 114/114 MP: 21/25
 20164 | D:12     | Noticed Lodul
 20173 | D:12     | Killed Lodul
 20174 | D:12     | Reached skill level 10 in Fighting
 20578 | D:12     | Noticed Sonja
 20586 | D:12     | Killed Sonja
 21357 | D:13     | Noticed Frances
 22771 | D:14     | Reached skill level 1 in Ranged Weapons
 23382 | Orc:1    | Entered Level 1 of the Orcish Mines
 23520 | Orc:2    | Entered Level 2 of the Orcish Mines
 23520 | Orc:2    | Found a runed translucent gate.
 23521 | Orc:2    | Found a runed translucent gate.
 23522 | Orc:2    | Found a runed translucent gate.
 23526 | Orc:2    | Noticed CarvArkoylaein's ghost (journeyman HOFi)
 23693 | Orc:2    | Found Puleg's Jewellery Shoppe.
 23716 | Orc:2    | Bought the ring "Hesh" {Contam rElec rC+ rCorr Int+6} for
                  | 912 gold pieces
 24055 | Orc:2    | Found a staircase to the Elven Halls.
 24318 | Orc:2    | Reached skill level 5 in Ranged Weapons
 24596 | Orc:2    | Found Noeto Xeg's Antique Armour Boutique.
 24655 | Orc:2    | Found Waremuk's Jewellery Boutique.
 24671 | Orc:2    | Found Xoxigoel's Antique Weapon Boutique.
 24678 | Orc:2    | Bought a smoking shortbow for 264 gold pieces
 24678 | Orc:2    | Identified the +3 shortbow of Eplatom {drain, Str+3 Int+7}
                  | (You bought it in a shop on level 2 of the Orcish Mines)
 24700 | Orc:2    | Found Leon's General Store.
 24707 | Orc:2    | Bought a potion of heal wounds for 70 gold pieces
 24707 | Orc:2    | Bought a scroll of teleportation for 42 gold pieces
 24707 | Orc:2    | Bought a potion of curing for 42 gold pieces
 24861 | Orc:2    | Killed CarvArkoylaein's ghost
 25031 | D:15     | Entered Level 15 of the Dungeon
 25456 | D:15     | Found Ruirphae's Assorted Antiques.
 25462 | D:15     | Bought a scroll of identify for 62 gold pieces
 25462 | D:15     | Bought a scroll of identify for 62 gold pieces
 25466 | D:15     | Bought a scroll labelled HIVUAPH TOVVO for 31 gold pieces
 26237 | Lair:3   | Found a staircase to the Shoals.
 26275 | Lair:3   | Learned a level 5 spell: Lee's Rapid Deconstruction
 26610 | D:3      | Killed bahustanut's ghost
 26695 | D:5      | Killed Edmund
 27107 | Shoals:1 | Entered Level 1 of the Shoals
 27121 | Shoals:1 | Reached XP level 16. HP: 127/127 MP: 21/26
 27403 | Shoals:1 | Reached skill level 10 in Ranged Weapons
 28100 | Shoals:2 | Noticed Polyphemus
 28190 | Shoals:2 | Killed Polyphemus
 28337 | Shoals:2 | Noticed Louise
 28368 | Shoals:2 | Found Laroak's Book Emporium.
 28376 | Shoals:2 | Bought a book of Burglary for 380 gold pieces
 28376 | Shoals:2 | Bought a book of Cantrips for 228 gold pieces
 28379 | Shoals:2 | Learned a level 2 spell: Passwall
 28381 | Shoals:2 | Learned a level 1 spell: Apportation
 28549 | Shoals:2 | Noticed Ilsuiw
 28589 | Shoals:2 | Killed Ilsuiw
 29204 | Shoals:2 | Identified the +5 falchion of Mutilation {drain, rC+ Dex+3}
 29307 | Shoals:2 | Killed Louise
 29467 | Shoals:3 | Noticed a kraken
 29491 | Shoals:3 | Killed a kraken
 30119 | Shoals:4 | Entered Level 4 of the Shoals
 30242 | Shoals:4 | Reached XP level 17. HP: 133/133 MP: 19/27
 30256 | Shoals:4 | Got a barnacled rune of Zot
 30417 | Shoals:4 | Reached skill level 1 in Translocations
 32228 | D:13     | Killed Frances
 32543 | D:14     | Found a gate to the Vaults.
 32667 | D:15     | Found a staircase to the Depths.
 32952 | Spider:1 | Entered Level 1 of the Spider Nest
 33765 | Spider:2 | Noticed Jorgrun
 33781 | Spider:2 | Killed Jorgrun
 33806 | Spider:2 | Found a runed translucent door.
 33807 | Spider:2 | Noticed LordWeiramon's ghost (adept KoAE)
 33917 | Spider:2 | Your ally Jorgrun died
 34145 | Spider:2 | Gained mutation: Your presence sometimes corrodes those you
                  | injure. [demonic ancestry]
 34145 | Spider:2 | Reached XP level 18. HP: 146/146 MP: 21/28
 34652 | Spider:3 | Noticed Arachne
 34661 | Spider:3 | Killed Arachne
 34711 | Spider:3 | Identified the +2 scale mail of a volcano {Str+3}
 35031 | Spider:3 | Noticed Mlioglotl
 35044 | Spider:3 | Killed Mlioglotl
 35092 | Spider:3 | Noticed Roxanne
 35230 | Spider:4 | Entered Level 4 of the Spider Nest
 35905 | Spider:4 | Got a gossamer rune of Zot
 35906 | Spider:4 | Identified the +0 pair of gloves of the Cockatrice {Rampage
                  | rF+ Will- Regen+}
 35946 | Spider:4 | Reached skill level 15 in Invocations
 36281 | Vaults:1 | Entered Level 1 of the Vaults
 36847 | Vaults:1 | Found Jife's General Store.
 36855 | Vaults:1 | Bought a wand of roots (6) for 201 gold pieces
 36855 | Vaults:1 | Bought a scroll of vulnerability for 56 gold pieces
 37375 | Vaults:1 | Noticed Aizul
 37394 | Vaults:1 | Killed Aizul
 38433 | Vaults:2 | Gained mutation: When low on magic, you restore magic in
                  | place of health. [demonic ancestry]
 38433 | Vaults:2 | Reached XP level 19. HP: 152/152 MP: 31/31
 38453 | Vaults:2 | Reached skill level 10 in Evocations
 38677 | Vaults:2 | Noticed Margery
 38702 | Vaults:2 | Killed Margery
 38801 | Vaults:2 | Reached skill level 10 in Stealth
 39032 | Vaults:2 | Reached skill level 1 in Armour
 39709 | Vaults:3 | Reached skill level 5 in Armour
 40014 | Vaults:3 | Identified the +9 arbalest of Koithru {speed, rC+ Dex+3}
 41121 | Vaults:3 | Found a staircase to the Crypt.
 41121 | Vaults:3 | Found a basalt altar of Yredelemnul.
 41121 | Vaults:3 | Found an ancient bone altar of Kikubaaqudgha.
 41313 | Vaults:4 | Reached XP level 20. HP: 157/159 MP: 25/32
 41333 | Vaults:4 | Found Gorghin's Jewellery Boutique.
 41405 | Vaults:4 | Reached skill level 10 in Earth Magic
 42076 | Vaults:4 | Noticed Nornya's ghost (veteran MfSu)
 42078 | Vaults:4 | Found a transporter.
 42102 | Vaults:4 | Noticed a dread lich
 42124 | Vaults:4 | Found a transporter.
 42289 | Vaults:4 | Noticed Zenata
 43458 | Depths:1 | Entered Level 1 of the Depths
 43634 | Depths:1 | Found a one-way gate leading to the halls of Pandemonium.
 43692 | Depths:1 | Found a portal to a secret trove of treasure.
 43772 | Depths:1 | Identified the +2 ring mail of the Vestibule of Hell
                  | {Dex+2}
 43845 | Depths:1 | Found a basalt altar of Yredelemnul.
 43967 | Depths:1 | Found a gateway to Hell.
 44545 | Depths:2 | Reached skill level 10 in Spellcasting
 44552 | Depths:2 | Learned a level 6 spell: Death Channel
 44648 | Depths:2 | Learned a level 5 spell: Arcjolt
 44666 | Depths:2 | Noticed Asterion
 44694 | Depths:2 | Killed Asterion
 44778 | Depths:2 | Noticed a juggernaut
 44789 | Depths:2 | Killed a juggernaut
 45027 | Depths:2 | Reached XP level 21. HP: 165/165 MP: 33/35
 45131 | Depths:2 | Reached skill level 10 in Necromancy
 45836 | Depths:3 | Found a one-way gateway to a ziggurat.
 46199 | Depths:3 | You fall into a shaft and drop 1 floor!
 46199 | Depths:4 | Entered Level 4 of the Depths
 46709 | Depths:4 | Found a magical portal.
 46741 | WizLab   | Entered Zonguldrok's Shrine
 46818 | WizLab   | Reached skill level 15 in Fighting
 47108 | WizLab   | Noticed an antique lich
 47124 | WizLab   | Killed an antique lich
 47142 | WizLab   | Found the +9 sword of Zonguldrok {reap}
 47373 | Depths:4 | Found a gate to the Realm of Zot.
 47388 | Depths:4 | Reached skill level 1 in Conjurations
 47998 | Elf:1    | Entered Level 1 of the Elven Halls
 48718 | Elf:1    | Found Hafal's Antique Weapon Shop.
 48718 | Elf:1    | Noticed Kirke
 48728 | Elf:1    | Killed Kirke
 48729 | Elf:1    | Reached skill level 5 in Conjurations
 48740 | Elf:1    | Bought a jewelled short sword for 288 gold pieces
 48740 | Elf:1    | Identified the +5 short sword of Winter {heavy, rElec rN+
                  | Will+} (You bought it in a shop on level 1 of the Elven
                  | Halls)
 48864 | Elf:1    | Paralysed by an air elemental for 1 turns
 48913 | Elf:1    | Learned a level 3 spell: Swiftness
 49071 | Elf:2    | Noticed Azrael
 49081 | Elf:2    | Killed Azrael
 49092 | Elf:2    | Found a runed translucent gate.
 49092 | Elf:2    | Found a runed translucent gate.
 49092 | Elf:2    | Found a runed translucent gate.
 49359 | Elf:2    | Paralysed by an air elemental for 1 turns
 49369 | Elf:2    | Gained mutation: Your presence sometimes corrodes or
                  | deforms those you injure. [demonic ancestry]
 49369 | Elf:2    | Reached XP level 22. HP: 178/178 MP: 30/36
 49410 | Elf:2    | Found Kuto's Weapon Shoppe.
 49700 | Elf:2    | Reached skill level 1 in Air Magic
 50161 | Elf:3    | Entered Level 3 of the Elven Halls
 50361 | Elf:3    | Found a runed translucent gate.
 50361 | Elf:3    | Found a runed translucent gate.
 50362 | Elf:3    | Found a runed translucent gate.
 51432 | Depths:1 | You paid a toll of +5 ice dragon scales to enter a treasure
                  | trove
 51433 | Trove    | Entered a treasure trove
 51455 | Trove    | Identified the amulet of Valeim {Acrobat rPois rF- Int+6}
 51457 | Trove    | Identified the +1 scale mail of the Amoeba {rCorr Dex+2}
 51458 | Trove    | Identified the scarf "Rarirodym" {repulsion, rElec Regen+
                  | Str-5}
 51459 | Trove    | Identified the ring of Hautresana {rElec rF- rN+++ Will+
                  | Str+6}
 51461 | Trove    | Identified the +5 leather armour "Aplumul" {rPois}
 52244 | Elf:3    | Reached skill level 5 in Air Magic
 52264 | Elf:3    | Found a runed translucent gate.
 52264 | Elf:3    | Found a runed translucent gate.
 52266 | Elf:3    | Noticed airrhodes1's ghost (adept HOFi)
 52266 | Elf:3    | Found a runed translucent gate.
 52285 | Elf:3    | Killed airrhodes1's ghost
 52295 | Elf:3    | Identified the +3 robe of Tarotar {+Inv Dex-2 Slay+5
                  | Archmagi}
 52640 | Elf:3    | Identified the +1 robe of Squeaky Brilliance {rPois}
 52736 | Elf:3    | Identified the ring of Cipeveiff {rC- rN+++ rCorr EV+5
                  | SInv}
 52741 | Elf:3    | Identified the +2 ring mail of the Amoeba {Stlth+}
 52920 | Elf:3    | Identified the staff of poison "Poclu" {rPois rF+ rC-
                  | Stlth+}
 52936 | Elf:3    | Identified the ring of Yzol {rElec rC- EV+5 Str-3 Dex+6}
 53200 | Elf:3    | Reached skill level 15 in Ranged Weapons
 53482 | Elf:3    | Identified the +5 hand crossbow of the Nurturing Shrike
                  | {elec, +Blink rElec rPois}
 53486 | Elf:3    | Identified the +6 short sword "Qoqoj" {speed, *Noise Drain
                  | rPois Dex+7}
 53499 | Elf:3    | Identified the +5 hand axe of the Spectre {venom, rPois
                  | Will+ rCorr}
 53630 | Elf:3    | Identified the +8 mace of Impatience {antimagic, rF+ rC+
                  | Int+5 Stlth+}
 53803 | Elf:3    | Got the Catalogue of Misty Chilblains
 54543 | Vaults:5 | Entered Level 5 of the Vaults
 54550 | Vaults:5 | Noticed an ancient lich
 54581 | Vaults:5 | Killed an ancient lich
 54591 | Vaults:5 | Noticed a dread lich
 54594 | Vaults:5 | Gained mutation: You can speak a Word of Chaos. [demonic
                  | ancestry]
 54594 | Vaults:5 | Reached XP level 23. HP: 111/184 MP: 1/37
 54635 | Vaults:5 | Killed a dread lich
 54656 | Vaults:5 | Reached skill level 15 in Dodging
 54661 | Vaults:5 | Noticed Saint Roka
 54679 | Vaults:5 | Killed Saint Roka
 54897 | Vaults:5 | Noticed a dread lich
 54902 | Vaults:5 | Killed a dread lich
 54955 | Vaults:5 | Identified the +1 plate armour of Honour {Drain Int+6}
 54955 | Vaults:5 | Noticed a shard shrike
 54970 | Vaults:5 | Noticed a caustic shrike
 54977 | Vaults:5 | Killed a caustic shrike
 55147 | Vaults:5 | Noticed an ancient lich
 55154 | Vaults:5 | Killed an ancient lich
 55206 | Vaults:5 | Identified the +1 dagger "Tulocin" {heavy, rPois Str+6
                  | Int-5}
 55372 | Vaults:5 | Got a silver rune of Zot
 55698 | Vaults:5 | Learned a level 3 spell: Portal Projectile
 55925 | Vaults:5 | Identified the ring of Xedadgh {MP+9 EV+5}
 55963 | Vaults:5 | Reached skill level 5 in Translocations
 56000 | Vaults:5 | Identified the staff of air "Ticyted" {rElec rC+}
 56462 | Vaults:5 | Identified the staff of air "Nuboboto" {rElec rPois Str+3
                  | SInv}
 56469 | Vaults:5 | Got the Disquisition on the Massed Wyrd
 56625 | Vaults:5 | Learned a level 5 spell: Freezing Cloud
 56921 | Zot:1    | Entered Level 1 of the Realm of Zot
 56970 | Zot:1    | Gained mutation: You are completely covered in sharp
                  | spines. [demonic ancestry]
 56970 | Zot:1    | Reached XP level 24. HP: 191/191 MP: 39/39
 57011 | Zot:2    | Identified the ring of the Lumpy Towns {Ice Int+3}
 57011 | Zot:2    | Noticed Josephina
 57035 | Zot:2    | Killed Josephina
 57321 | Zot:2    | Found a transporter.
 57531 | Zot:2    | Found a transporter.
 57533 | Zot:2    | Found a transporter.
 57777 | Zot:3    | Reached skill level 5 in Ice Magic
 57870 | Zot:3    | Noticed an orb of fire
 58093 | Zot:5    | Entered Level 5 of the Realm of Zot
 58891 | Zot:5    | Noticed a dread lich
 58901 | Zot:5    | Killed a dread lich
 59091 | Zot:5    | Noticed an orb of fire
 59104 | Zot:5    | Killed an orb of fire
 59604 | Zot:5    | Noticed a Killer Klown
 59614 | Zot:5    | Noticed a Killer Klown
 59620 | Zot:5    | Killed a Killer Klown
 59646 | Zot:5    | Killed a Killer Klown
 59704 | Zot:5    | Noticed a dread lich
 59708 | Zot:5    | Noticed a Killer Klown
 59729 | Zot:5    | Killed a Killer Klown
 61112 | Zot:5    | Reached XP level 25. HP: 204/204 MP: 38/39
 61185 | Zot:5    | Killed a dread lich
 61247 | Zot:5    | Got the Orb of Zot
 61856 | D:$      | Escaped with the Orb!

Illustrated notes

Levels and vault maps discovered:
D:1:      evilmike_arrival_plus, layout_basic
D:2:      layout_basic, uniq_natasha
D:3:      layout_rooms, nemelex_spade_bored_becter,
          eat_drink_and_be_merry_uskayaw, ebering_ghost_sewer_f,
          chequers_ecumenical_altar_lobes, roderic_batcave
D:4:      layout_basic
D:5:      layout_loops_cross, grunt_temple_overflow_growth_and_decay,
          mainiacjoe_overflow_tiny_flanked, chequers_serial_rivers_micro_a,
          pf_guarded_unrand_woodcutter, uniq_edmund
D:6:      layout_rooms, minmay_temple_entry_fiery, enter_ossuary_3,
          minmay_gold_behind_fungi, uniq_blork_the_orc
D:7:      lemuel_castle_with_subvaults [lemuel_castle_interior_original],
          layout_loops_ring, mainiacjoe_overflow_six_doors_small,
          marbit_many_paths, moated_statue, nicolae_lava_and_water
D:8:      layout_basic, grunt_dithmenos_smoke, minivault_22
D:9:      layout_basic, zin_purify, led_sif_book, minivault_5
D:10:     layout_roguey, jmf_multi_god_temple, erik_lair_dragon, david_orc_5,
          serial_shops, nicolae_shop_temple_entry_statues_fountains,
          uniq_nergalle
D:11:     layout_grid_maze, minmay_fractal_squares_diagonal_5
D:12:     kennysheep_funnel, layout_irregular_city, uniq_maurice, uniq_snorg,
          uniq_lodul, uniq_sonja
D:13:     layout_cave_pods, uniq_frances
D:14:     layout_long_grid, grunt_vaults_entry_fortified
D:15:     grunt_enter_depths_hoard, layout_gridville, serial_shops,
          nicolae_shop_trees, minivault_16, grunt_ministairs_6,
          beargit_elvish_explorers
Lair:1:   gammafunk_worm_tunnel, layout_loops_ring, grunt_megastairs_3,
          lemuel_fruit_tree, serial_bayou_shore_b
Lair:2:   layout_loops_ring, chequers_serial_rivers_micro_c,
          nicolae_quartered_pool_impasse, serial_bayou_shore_a,
          grunt_megastairs_5, uniq_urug
Lair:3:   statuecave_lemuel, layout_cave_pods,
          minmay_shoals_entry_lonely_mermaid, dummy_spider_entry,
          gauntlet_entry_generic
Lair:4:   layout_regular_city, gammafunk_ghost_abyssal_escape,
          beast_lair_carwin_6, infiniplex_staircase_pool
Lair:5:   cheibrodos_lair_end_hotspot, layout_long_grid, slime_entry_1,
          basic_altar, wad_woods_road_05
Shoals:1: layout_shoals, st_sunken_huts
Shoals:2: layout_shoals, serial_shops, nicolae_book_shop_shelving, uniq_ilsuiw,
          uniq_louise, uniq_polyphemus
Shoals:3: layout_shoals
Shoals:4: shoals_end_simple, layout_shoals, shoals_ilsuiw_ice
Spider:1: layout_spider_delve
Spider:2: cheibrodos_spider_silkery, ebering_ghost_inner_flame,
          nicolae_looking_at_the_future, uniq_jorgrun
Spider:3: layout_spider_delve, uniq_roxanne, uniq_arachne, uniq_mlioglotl
Spider:4: hellmonk_spider_rune_endless_swarm
Orc:1:    layout_caves, serial_shops, nicolae_shop_tiny_statue_garden,
          nooodl_orcs_dogs
Orc:2:    grunt_orc_cross, layout_diamond_mine, ebering_ghost_rock_garden,
          serial_shops, nicolae_shop_gaudy_bauble
Elf:1:    kennysheep_spiral_hall, layout_loops_corners, serial_shops, shop,
          hangedman_elf_disciples, dreamdust_princess_corridor,
          nicolae_elf_m_pinch, abandoned_shop, uniq_kirke
Elf:2:    nicolae_elf_blades_splatter_lattice [nicolae_blade_bullseye],
          layout_onion_city, serial_shops, shop, uniq_azrael
Elf:3:    nooodl_elf_gasket, layout_gridlike,
          ploomutoo_gammafunk_ghost_potion_laboratory
Vaults:1: hangedman_vaults_trim, nicolae_vaults_closet_pinwheel_5, v_misc_19,
          ontoclasm_vaults_spin, v_rooms_2, nicolae_vaults_alarming, v_misc_23,
          nicolae_vaults_oval_intersection, v_misc_2, vaults_dpeg_encased_lava,
          nicolae_vaults_little_ls, nicolae_vaults_tetromino_T_1,
          nicolae_vaults_variable_pillar_hall, layout_vaults_chaotic_city,
          serial_shops, shop, uniq_aizul
Vaults:2: ontoclasm_vaults_bender, nicolae_vaults_triangles,
          vaults_room_octagon, vaults_room_door_hall, grunt_vaults_hallway_long,
          ontoclasm_vaults_decontamination, nicolae_vaults_angled_halls,
          hangedman_vaults_hat, hangedman_vaults_slice, hangedman_vaults_cutoff,
          hangedman_vaults_variations, layout_vaults_omnibox, uniq_margery
Vaults:3: st_diamondy, nicolae_vaults_frosty_reception,
          nicolae_vaults_more_shelving_2, v_alt_pattern_1,
          nicolae_vaults_six-pack, minmay_crypt_entry_necro_gods,
          hangedman_vaults_maws, v_rooms_3, vaults_standard_mumra_x,
          nicolae_vaults_offset_grid_hallway_2, layout_vaults_ring
Vaults:4: gammafunk_ghost_mausoleum, ontoclasm_vaults_shuriken, v_misc_27,
          hangedman_vaults_capsules, vaults_mumra_minichess,
          nicolae_vaults_closet_pinwheel_4, nicolae_vaults_diamond_2,
          vaults_room_door_ring, vaults_mumra_hex, layout_vaults_omnigrid,
          serial_shops, nicolae_shop_just_a_little_nook, uniq_zenata
Vaults:5: uniq_saint_roka
Depths:1: layout_cave_pools, lemuel_crystal_altar, hell_entry, pan_entry,
          trove_entry_hex_spiral, nrook_pool_corridor, minmay_misc_feat_x,
          chequers_serial_rivers_micro_b, nicolae_titane
Depths:2: hangedman_arch_fort, layout_gridlike, grunt_hell_entry_dis_old,
          abyss_entry, kennysheep_nondescript, rand_demon_pan_entry_8,
          uniq_asterion
Depths:3: nicolae_cairo_tiling_very_big, layout_gridlike, enter_ziggurat_c,
          abyss_entry, lightli_too_deep, minmay_crystal_room,
          infiniplex_staircase_pillars_2
Depths:4: evilmike_zot_entry_argh, layout_cave_shapes, glass_columns_b,
          mu_enter_wizlab_1, pf_hell_entry_great_geh
Zot:1:    layout_cellular_growth, ebering_ghost_rock_garden
Zot:2:    lemuel_draconian_sentries_small, layout_misc_corridors,
          nicolae_diode_intersection, uniq_josephina
Zot:3:    kennysheep_oblong_rooms, layout_twisted_circle
Zot:4:    layout_basic
Zot:5:    layout_cathedral_of_symmetry, grunt_ministairs_1,
          hangedman_zot_decor_tridents

Skill      XL: |  1  2  3  4  5  6  7  8  9 10 11 12 13 14 15 16 17 18 19 20 21 22 23 24 25 |
---------------+----------------------------------------------------------------------------+-----
Short Blades   | 1 2 3 4 5 6 8 9 |  9.7
Dodging        | 5 6 10 12 14 16 | 16.0
Spellcasting   | 2 4 6 10 12 | 12.0
Hexes          | 3 |  3.0
Ice Magic      | 3 8 |  8.0
Stealth        | 4 5 7 8 10 12 | 12.0
Invocations    | 4 13 14 16 18 | 18.0
Fighting       | 6 9 12 14 16 18 | 18.0
Necromancy     | 5 8 9 12 | 12.0
Earth Magic    | 7 8 9 12 | 12.0
Summonings     | 6 |  6.0
Evocations     | 6 9 10 | 10.0
Ranged Weapons | 8 13 14 16 17 18 | 18.0
Translocations | 4 6 8 |  8.0
Armour         | 8 |  8.0
Conjurations   | 6 8 |  8.0
Air Magic      | 8 |  8.0
Long Blades    | |  2.9

Action                     |  1- 3 |  4- 6 |  7- 9 | 10-12 | 13-15 | 16-18 | 19-21 | 22-24 | 25-27 || total
---------------------------+-------+-------+-------+-------+-------+-------+-------+-------+-------++-------
  Melee: Dagger            |    55 |   132 |   528 |   698 |   878 |   192 |   146 |    12 |       ||  2641
         Falchion          |     8 |       |       |       |       |       |       |       |       ||     8
         Punch             |       |       |       |       |     1 |     4 |     3 |       |       ||     8
         Quick blade       |       |       |       |       |       |       |     5 |       |       ||     5
         Rapier            |       |       |       |       |       |       |       |     8 |       ||     8
   Fire: Sling             |       |       |       |       |   189 |       |       |       |       ||   189
         Shortbow          |       |       |       |       |    52 |   961 |   155 |       |       ||  1168
         Arbalest          |       |       |       |       |       |       |   835 |   487 |       ||  1322
         Longbow           |       |       |       |       |       |       |       |   663 |   122 ||   785
  Throw: Dart              |       |       |       |     3 |       |       |       |       |       ||     3
   Cast: Ensorcelled Hiber |       |       |     9 |    19 |    26 |       |       |       |       ||    54
         Borgnjor's Vile C |       |       |       |    12 |    83 |   124 |   105 |    58 |       ||   382
         Animate Dead      |       |       |       |     1 |    18 |    27 |    21 |    21 |     1 ||    89
         Ozocubu's Armour  |       |       |       |       |     6 |     1 |     2 |    14 |     1 ||    24
         Animate Armour    |       |       |       |       |     3 |     3 |     1 |     4 |       ||    11
         Apportation       |       |       |       |       |       |    20 |    16 |    34 |     2 ||    72
         Passwall          |       |       |       |       |       |     5 |       |       |    10 ||    15
         Lee's Rapid Decon |       |       |       |       |       |       |    20 |    42 |       ||    62
         Death Channel     |       |       |       |       |       |       |    13 |    23 |     1 ||    37
         Portal Projectile |       |       |       |       |       |       |       |    27 |     4 ||    31
         Freezing Cloud    |       |       |       |       |       |       |       |     2 |       ||     2
 Invoke: Line Pass         |       |       |       |     2 |       |       |       |       |       ||     2
         Grand Finale      |       |       |       |       |     1 |     1 |     2 |       |       ||     4
Ability: Evoke Blink       |       |       |       |       |       |       |       |     6 |       ||     6
  Evoke: Wand              |       |     1 |     5 |     4 |     3 |     1 |       |       |     2 ||    16
         Lightning rod     |       |       |       |       |       |     4 |       |       |       ||     4
         Phantom mirror    |       |       |       |       |       |     1 |       |       |     1 ||     2
         Box of beasts     |       |       |       |       |       |       |       |       |     1 ||     1
    Use: Scroll            |       |       |     5 |    10 |    20 |    11 |     9 |    13 |     5 ||    73
         Potion            |       |       |     1 |     2 |     1 |       |     1 |     7 |     4 ||    16
   Stab: Paralysed         |       |     3 |     9 |    31 |    80 |    26 |     8 |       |       ||   157
         Sleeping          |       |       |     4 |     7 |    14 |     4 |     4 |       |       ||    33
         Distracted        |       |       |       |     1 |     7 |     1 |     2 |       |       ||    11
         Confused          |       |       |       |     3 |       |       |       |       |       ||     3
         Invisible         |       |       |       |       |     1 |       |       |     2 |       ||     3
 Armour: Robe              |     4 |    41 |    81 |    38 |       |       |       |    29 |     2 ||   195
         Steam dragon scal |       |       |       |    99 |   181 |    95 |    82 |    10 |       ||   467
  Dodge: Dodged            |    37 |    75 |   220 |   313 |   582 |   357 |   351 |   243 |     9 ||  2187
